 Dungeon Crawl Stone Soup version 0.31-a0-885-gbe960a18b5 (webtiles) character file.

Game seed: 7269014483221432313

11066 Salticid the Brawler (level 11, 0/150 HPs)
             Began as a Troll Warper on Oct 16, 2023.
             Was an Elder of Wu Jian.
             Slain by a red ugly thing (22 damage)
             ... on level 11 of the Dungeon.
             The game lasted 00:24:56 (7537 turns).

Salticid the Brawler (Troll Warper)                 Turns: 7537, Time: 00:24:57

Health: 0/150      AC:  9    Str: 21    XL:     11   Next: 44%
Magic:  11/11      EV: 10    Int:  9    God:    Wu Jian [****..]
Gold:   609        SH:  0    Dex: 13    Spells: 8/12 levels left

rFire   . .          .
                       - Unarmed
rCold   . . .        (no shield)
rNeg    . . .        N - +0 steam dragon scales
rPois   .            P - +2 hat {SInv}
rElec   .            (no cloak)
rCorr   .            (gloves unavailable)
SInv    +            (boots unavailable)
Will    .....        (no amulet) Stlth
                     q - +4 ring of slaying
HPRegen 1.25/turn    g - ring of wizardry
MPRegen 0.12/turn

%: wizardry (x1)
@: berserking, exhausted, very quick
A: large, unfitting armour, claws 3, regeneration 1, shaggy fur 1, tough skin 1
a: Renounce Religion, Wall Jump, Serpent's Lash


You were on level 11 of the Dungeon.
You worshipped Wu Jian.
Wu Jian was greatly pleased with you.
You visited 2 branches of the dungeon, and saw 12 of its levels.
You also visited: Sewer and Ossuary.

You collected 609 gold pieces.

Inventory:

Hand Weapons
 l - the +5 spear "Donutt" {vamp, Dex+3 SInv}
   (You found it on level 2 of the Dungeon)

   Dex+3:     It affects your dexterity (+3).
   SInv:      It lets you see invisible.
 L - the +1 whip of the Flying Gods {pain, *Corrode Fly Int+3 Dex+7}
   (You found it on level 9 of the Dungeon)

   Int+3:     It affects your intelligence (+3).
   Dex+7:     It affects your dexterity (+7).
   Fly:       It grants you flight.
   *Corrode:  It may corrode you when you take damage.
Missiles
 c - 9 darts of dispersal
 j - 11 poisoned darts
 K - 6 boomerangs
 O - 4 javelins
 Q - a throwing net
Armour
 a - a +0 robe
 e - a +2 hat
 H - a +2 robe of fire resistance
 N - +0 steam dragon scales (worn)
 P - a +2 hat of see invisible (worn)
Magical Staves
 s - a staff of earth
Jewellery
 g - a ring of wizardry (right claw)
 p - a ring of resist corrosion
 q - a +4 ring of slaying (left claw)
 t - a ring of fire
 y - a ring of wizardry
Talismans
 m - a beast talisman
 R - a maw talisman
 S - a serpent talisman
Wands
 w - a wand of roots (13)
 G - a wand of flame (37)
 J - a wand of light (9)
Scrolls
 b - 2 scrolls of blinking
 d - 2 scrolls of fear {unknown}
 h - 3 scrolls of poison
 i - 3 scrolls of amnesia
 n - 7 scrolls of teleportation
 o - 4 scrolls of vulnerability
 r - 4 scrolls of noise
 v - 2 scrolls of enchant weapon
 E - a scroll of revelation {unknown}
 F - 3 scrolls of immolation
 T - a scroll of fog {unknown}
Potions
 f - 8 potions of curing
 k - 3 potions of attraction
 u - a potion of ambrosia {unknown}
 x - 6 potions of lignification
 z - a potion of berserk rage
 A - a potion of might {unknown}
 B - 3 potions of invisibility
 C - 3 potions of mutation
 D - 2 potions of brilliance {unknown}
 I - a potion of haste {unknown}
 M - a potion of resistance {unknown}


   Skills:
 - Level 4.0 Fighting
 - Level 0.8 Throwing
 - Level 1.9 Dodging
 + Level 17.3 Unarmed Combat
 - Level 1.2 Spellcasting
 - Level 2.1 Translocations


You had 8 spell levels left.
You knew the following spells:

 Your Spells              Type           Power      Damage    Failure   Level
a - Blink                 Tloc           8%         N/A       9%          2
b - Lesser Beckoning      Tloc           8%         N/A       9%          2

Your spell library contained the following spells:

 Spells                   Type           Power      Damage    Failure   Level
 Teleport Other           Tloc           4%         N/A       17%         3
 Wereblood                Tmut           0%         N/A       22%         2
 Volatile Blastmotes      Fire/Tloc      4%         2d10      26%         3
 Manifold Assault         Tloc           4%         N/A       47%         4
 Iskenderun's Mystic Bla  Conj/Tloc      2%         2d3       65%         4
 Vhi's Electric Charge    Tloc/Air       4%         N/A       65%         4
 Fulminant Prism          Conj/Hex       0%         3d5       78%         4
 Irradiate                Conj/Tmut      0%         3d11      98%         5


Dungeon Overview and Level Annotations

Branches:
Dungeon (11/15)            Temple (1/1) D:5            Lair (0/5) D:8
    Orc (0/2) D:9           Sewer (visited)         Ossuary (visited)

Altars:
Ashenzari
Cheibriados
Dithmenos
Elyvilon
Fedhas
Gozag
Hepliaklqana
Kikubaaqudgha
Makhleb
Nemelex Xobeh
Okawaru
Qazlal
Ru
Sif Muna
Trog
Uskayaw
Vehumet
Wu Jian
Xom
Yredelemnul
Zin
The Shining One


Innate Abilities, Weirdness & Mutations

You are too large for most types of armour.
You have claws for hands.
Your natural rate of healing is unusually fast.
You are covered in fur. (AC +1)
You have tough skin. (AC +1)


Message History

You kill the yak!
The Council accepts your kill.
You spin and attack the two-headed ogre.
You claw the two-headed ogre!
The two-headed ogre is lightly wounded.
You hear a bellow!
The two-headed ogre hits you with a +0 giant club!!
The two-headed ogre closely misses you.
A yak comes into view.
You spin and attack the yak.
You claw the yak!
You kill the yak!
The Council accepts your kill.
The yak moves out of view.
Unknown command.
Your muscles tense, ready for explosive movement...
A yak comes into view.
You lunge with incredible momentum at the two-headed ogre, in a flurry of attacks.
The yak bellows!
You eviscerate the two-headed ogre!!!
You blow up the two-headed ogre!
The Council accepts your kill.
You lunge with incredible momentum at the red ugly thing.
You claw the red ugly thing!
The red ugly thing is lightly wounded.
Your supernatural speed expires.
You see here a yak corpse.
Unknown command.
You mangle the red ugly thing!!
The red ugly thing is heavily wounded.
The red ugly thing kicks you!
You are engulfed in flames!!
A red film seems to cover your vision as you go berserk!
You feel yourself moving faster!
You feel mighty! The red ugly thing kicks you.
You are engulfed in flames!!
* * * LOW HITPOINT WARNING * * *
You closely miss the red ugly thing.
The red ugly thing is heavily wounded.
The red ugly thing kicks you.
* * * LOW HITPOINT WARNING * * *
You are engulfed in flames!!
You die...

.........# ...
........##...
...............
...............
................
..... ..........
.....#Y.......
#..#u# .#
##..†@###..##
#...)○○.....#
..Y..:#.<...###
#.Y..##.....#
..Y...........#
.....#........#
.... #..........
... ..#..#.....
. ...#........


You could see a red ugly thing and 4 yaks.

Vanquished Creatures
  Gastronok (D:9)
  Josephine (D:10)
  3 two-headed ogres
  Psyche (D:10)
  A shadow (D:9)
  Sigmund (D:6)
  5 wraiths (D:10)
  6 yaks
  6 wyverns
  3 steam dragons
  3 wargs (D:9)
  An acid dragon (D:10)
  2 ice beasts
  A sky beast (D:7)
  4 orc warriors
  3 ogres (D:6)
  5 centaurs
  A phantom (D:4)
  A bullfrog (D:6)
  A gnoll sergeant (D:10)
  2 water moccasin zombies (Ossuary)
  2 scorpions
  A wight (Ossuary)
  8 killer bees
  4 howler monkeys
  3 centaur zombies (Ossuary)
  4 bullfrog zombies (Ossuary)
  2 lava snakes (D:8)
  A human zombie (Ossuary)
  A jelly (D:5)
  4 orc priests
  2 gnoll boudas
  6 hounds
  A sleepcap (D:4)
  3 iguanas
  5 orc wizards
  Robin (D:2)
  13 gnolls
  8 adders
  2 river rats (Sewer)
  A white imp (D:6)
  3 adder zombies (Ossuary)
  3 worms (D:5)
  4 dart slugs
  45 orcs
  14 ball pythons
  5 bats (D:3)
  8 endoplasms
  6 giant cockroaches
  17 goblins
  9 hobgoblins
  12 jackals
  8 kobolds
  4 quokkas
  9 frilled lizards
  A gnoll zombie (Ossuary)
  4 goblin zombies (Ossuary)
  4 hobgoblin zombies (Ossuary)
  5 orc zombies (Ossuary)
  8 rats
293 creatures vanquished.

Vanquished Creatures (others)
  2 orcs (D:8)
2 creatures vanquished.

Grand Total: 295 creatures vanquished

Notes
Turn   | Place    | Note
-------+----------+-------------------------------------------
     0 | D:1      | Salticid the Troll Warper began the quest for the Orb.
     0 | D:1      | Reached XP level 1. HP: 19/19 MP: 1/1
    88 | D:1      | Reached XP level 2. HP: 20/27 MP: 2/2
   109 | D:1      | Learned a level 2 spell: Blink
   122 | D:1      | Reached skill level 3 in Unarmed Combat
   311 | D:1      | Reached XP level 3. HP: 33/33 MP: 3/3
   818 | D:2      | Reached skill level 4 in Unarmed Combat
   832 | D:2      | Identified the +5 spear "Donutt" {vamp, Dex+3 SInv}
   911 | D:2      | Found a hide-covered altar of Uskayaw.
  1121 | D:2      | Reached XP level 4. HP: 40/41 MP: 4/4
  1184 | D:2      | Noticed Robin
  1195 | D:2      | Killed Robin
  1565 | D:3      | Reached skill level 5 in Unarmed Combat
  1588 | D:3      | Reached XP level 5. HP: 48/48 MP: 5/5
  2014 | D:3      | Found a hide-covered altar of Uskayaw.
  2199 | D:4      | Reached skill level 6 in Unarmed Combat
  2381 | D:4      | Found a broken altar of Ashenzari.
  2421 | D:4      | Reached XP level 6. HP: 51/55 MP: 6/6
  2455 | D:4      | Found a shimmering blue altar of Sif Muna.
  2467 | D:4      | Found a shimmering altar of Xom.
  2566 | D:4      | Noticed an ice beast
  2576 | D:4      | Killed an ice beast
  2614 | D:4      | Reached skill level 7 in Unarmed Combat
  2762 | D:4      | Noticed a wyvern
  2766 | D:4      | Killed a wyvern
  2767 | D:4      | Reached skill level 8 in Unarmed Combat
  2767 | D:4      | Reached XP level 7. HP: 63/63 MP: 7/7
  2849 | D:4      | Found a white marble altar of Elyvilon.
  3091 | D:5      | Entered Level 5 of the Dungeon
  3223 | D:5      | Reached skill level 9 in Unarmed Combat
  3252 | D:5      | Found a radiant altar of Vehumet.
  3296 | D:5      | Reached XP level 8. HP: 64/71 MP: 8/8
  3299 | D:5      | Learned a level 2 spell: Lesser Beckoning
  3384 | D:5      | Found a staircase to the Ecumenical Temple.
  3399 | Temple   | Entered the Ecumenical Temple
  3413 | Temple   | Became a worshipper of the Wu Jian Council
  3492 | D:5      | Reached skill level 10 in Unarmed Combat
  3510 | D:5      | Found a glowing drain.
  3519 | Sewer    | Entered a sewer
  3730 | Sewer    | Reached * piety under Wu Jian
  4091 | D:6      | Found a sand-covered staircase.
  4114 | Ossuary  | Entered an ossuary
  4224 | Ossuary  | Reached skill level 11 in Unarmed Combat
  4224 | Ossuary  | Reached ** piety under Wu Jian
  4253 | Ossuary  | Noticed a silent spectre
  4358 | D:6      | Found a shadowy altar of Dithmenos.
  4431 | D:6      | Reached XP level 9. HP: 77/79 MP: 9/9
  4453 | D:6      | Noticed Sigmund
  4459 | D:6      | Killed Sigmund
  4460 | D:6      | Reached skill level 12 in Unarmed Combat
  4885 | D:7      | Found a stormy altar of Qazlal.
  4991 | D:7      | Found a snail-covered altar of Cheibriados.
  5430 | D:8      | Found a staircase to the Lair.
  5448 | D:8      | Reached *** piety under Wu Jian
  5461 | D:8      | Reached skill level 13 in Unarmed Combat
  5505 | D:9      | Identified the +1 whip of the Flying Gods {pain, *Corrode
                  | Fly Int+3 Dex+7}
  5552 | D:8      | Found an opulent altar of Gozag.
  5603 | D:8      | Noticed a two-headed ogre
  5614 | D:8      | Killed a two-headed ogre
  5614 | D:8      | Reached skill level 14 in Unarmed Combat
  5614 | D:8      | Reached XP level 10. HP: 63/91 MP: 10/10
  6093 | D:9      | Noticed Gastronok
  6103 | D:9      | Killed Gastronok
  6104 | D:9      | Reached skill level 15 in Unarmed Combat
  6411 | D:9      | Found a staircase to the Orcish Mines.
  6814 | D:10     | Entered Level 10 of the Dungeon
  6830 | D:10     | Reached skill level 16 in Unarmed Combat
  6840 | D:10     | Reached **** piety under Wu Jian
  7103 | D:10     | Reached XP level 11. HP: 100/100 MP: 11/11
  7117 | D:10     | Noticed Josephine
  7122 | D:10     | Killed Josephine
  7146 | D:10     | Noticed Psyche
  7158 | D:10     | Killed Psyche
  7425 | D:10     | Noticed a two-headed ogre
  7430 | D:10     | Killed a two-headed ogre
  7431 | D:10     | Reached skill level 17 in Unarmed Combat
  7525 | D:11     | Noticed a red ugly thing
  7526 | D:11     | Noticed a two-headed ogre
  7535 | D:11     | Killed a two-headed ogre
  7537 | D:11     | Slain by a red ugly thing

Illustrated notes

Levels and vault maps discovered:
D:1:      dpeg_arrival_pond, layout_basic, minmay_tetromino_i4
D:2:      layout_rooms, basic_altar, grunt_decor_mini_mirrors, nrook_uturn,
          uniq_robin
D:3:      layout_basic, mainiacjoe_overflow_alcove_4, roderic_lattice_a
D:4:      layout_loops_corners, minitemple, mainiacjoe_overflow_paths,
          cheibrodos_ashenzari_chains, serial_rivers,
          chequers_serial_rivers_micro_d, chequers_serial_rivers_micro_b,
          chequers_serial_rivers_micro_d, chequers_serial_rivers_small_3,
          skrybe_limestone_x, hangedman_decor_clover_reticule, st_stairs_8
D:5:      layout_cave_pools, vehumet_crystals, minmay_temple_entry_mist,
          cheibrodos_sewer_entry_bend, solitary_fountain, minivault_23,
          minmay_misc_feat_secret_circle
D:6:      layout_basic, grunt_dithmenos_smoke_and_mirrors,
          nicolae_ossuary_entry_ruins, uniq_sigmund
D:7:      layout_gridville, nicolae_qazlal_beasts_of_the_sky,
          mainiacjoe_overflow_boulevard
D:8:      layout_cave_pools, grunt_gozag_statues, lair_entry_dummy, special_room
          [special_room_orc], grunt_decor_junction
D:9:      layout_loops_ring, minmay_orc_entry_guard_dogs, uniq_gastronok
D:10:     layout_rooms, nicolae_eternal_life, uniq_psyche, uniq_josephine
D:11:     hangedman_what_comes_after_a, layout_cave_pools
Temple:   nicolae_temple_slightly_damp_pantheon

Skill      XL: |  1  2  3  4  5  6  7  8  9 10 11 |
---------------+----------------------------------+-----
Unarmed Combat | 3 4 5 6 8 9 11 14 16 17 | 17.3
Fighting       | 3 4 |  4.0
Throwing       | |  0.8
Dodging        | |  1.9
Spellcasting   | |  1.2
Translocations | |  2.1

Action                     |  1- 3 |  4- 6 |  7- 9 | 10-12 || total
---------------------------+-------+-------+-------+-------++-------
  Melee: Unarmed           |    80 |   135 |   309 |   160 ||   684
         Punch             |     3 |     3 |    22 |    17 ||    45
         Spear             |    15 |       |       |       ||    15
 Invoke: Serpent's Lash    |       |       |     1 |     1 ||     2
Ability: Lunge             |       |       |    50 |    22 ||    72
         Whirlwind         |       |       |    39 |    23 ||    62
         Wall Jump         |       |       |     1 |       ||     1
    Use: Scroll            |       |       |    12 |     2 ||    14
         Potion            |       |       |       |     1 ||     1
   Stab: Sleeping          |       |     2 |       |     2 ||     4
 Armour: Robe              |    45 |    72 |   152 |       ||   269
         Steam dragon scal |       |       |       |    75 ||    75
  Dodge: Dodged            |    38 |    61 |   126 |    38 ||   263

Table legend: (Time is in decaauts)
 A = Elapsed time spent in this place.
 B = Non-inter-level travel time spent in this place.
 C = Inter-level travel time spent in this place.
 D = Time resting spent in this place.
 E = Time spent auto-exploring this place.
 F = Levels seen in this place.
 G = Mean time per level.
                   A        B        C        D        E       F      G
               +--------+--------+--------+--------+--------+-----+--------+
         Total |   7448 |   7232 |    216 |      2 |   5292 |  14 |  532.0 |
       Dungeon |   6987 |   6797 |    190 |      2 |   5180 |  11 |  635.2 |
        Temple |     28 |      2 |     26 |      0 |      0 |   1 |   28.0 |
         Sewer |    261 |    261 |      0 |      0 |    100 |   1 |  261.0 |
       Ossuary |    170 |    170 |      0 |      0 |     12 |   1 |  170.0 |
               +--------+--------+--------+--------+--------+-----+--------+

Top non-repeatable levels by time:
     D:4: 926 daAuts
     D:3: 815 daAuts
     D:1: 808 daAuts
     D:9: 774 daAuts
    D:10: 701 daAuts
     D:5: 662 daAuts
     D:8: 630 daAuts
     D:7: 629 daAuts
     D:2: 518 daAuts
     D:6: 508 daAuts
   Sewer: 261 daAuts
 Ossuary: 170 daAuts
  Temple: 28 daAuts
    D:11: 10 daAuts
